 Dungeon Crawl Stone Soup version 0.24-a0-368-g0e0cebd (webtiles) character file.

Game seed: 9819843584332052635

75301 robertstho the Severer (level 15, 0/201 HPs)
             Began as a Hill Orc Fighter on May 28, 2019.
             Was a High Priest of Okawaru.
             Slain by a merfolk impaler
             ... wielding a +2 trident of piercing
              (1 damage)
             ... on level 1 of the Shoals.
             The game lasted 01:13:14 (26148 turns).

robertstho the Severer (Hill Orc Fighter)          Turns: 26148, Time: 01:13:14

Health: 0/201      AC: 19    Str: 35    XL:     15   Next: 49%
Magic:  18/24      EV: 13    Int:  4    God:    Okawaru [*****.]
Gold:   919        SH: 29    Dex: 14    Spells: 14/14 levels left

rFire    + . .     SeeInvis +   R - +8 hand axe "Buitt" {drain, *Rage +Fly rElec}
rCold    . . .     Gourm    .   z - +3 large shield of True Grit {+Blink Str+4 Int-4}
rNeg     . . .     Faith    .   T - +0 plate armour {rPois}
rPois    +         Spirit   .   u - +0 helmet of Lifelessness {+Fly}
rElec    +         Reflect  +   P - scarf {repulsion}
rCorr    .         Harm     .   (no gloves)
MR       .....     Rnd*Rage +   (no boots)
Stlth    ..........             A - +3 amulet of reflection
HPRegen  0.00/turn              a - ring "Iqiom" {+Blink +Fly rF+ MR- Dex+4}
MPRegen  0.19/turn              K - ring of see invisible

@: berserking, heroism, lightly drained, repel missiles, slow
A: inhibited regeneration
a: Heroism, Finesse, Renounce Religion, Evoke Blink, Evoke Flight


You were on level 1 of the Shoals.
You worshipped Okawaru.
Okawaru was extremely pleased with you.
You were hungry.

You visited 6 branches of the dungeon, and saw 25 of its levels.

You collected 2663 gold pieces.
You spent 1744 gold pieces at shops.

Inventory:

Hand Weapons
 d - a +1 battleaxe of flaming
 B - the +7 great mace "Firestarter" {inner flame, rF++}
   (You found it on level 6 of the Lair of Beasts)

   It has been specially enchanted to burn those struck by it, causing extra
   injury to most foes and up to half again as much damage against particularly
   susceptible opponents.
   It greatly protects you from fire.
 E - the +11 great sword "Jich" {pain, -Tele rElec MR+, unknown}
   (You found it on level 6 of the Lair of Beasts)

   In the hands of one skilled in necromantic magic, it inflicts extra damage on
   living creatures.
   It insulates you from electricity.
   It affects your resistance to hostile enchantments.
   It prevents most forms of teleportation.
 I - a +6 shortbow of velocity
 L - a +4 great sword of holy wrath
 N - a +4 spear of flaming
 R - the +8 hand axe "Buitt" (weapon) {drain, *Rage +Fly rElec}
   (You found it on level 8 of the Dungeon)

   A truly terrible weapon, it drains the life of those it strikes.
   It insulates you from electricity.
   It lets you fly.
   It may make you go berserk in combat.
Missiles
 p - 75 poisoned darts (quivered)
 V - 139 arrows
Armour
 l - a +0 cloak of magic resistance
 n - the +0 chain mail of Resilience {rElec rN+ Int-2}
   (Okawaru gifted it to you on level 5 of the Lair of Beasts)

   It affects your intelligence (-2).
   It insulates you from electricity.
   It protects you from negative energy.
 q - the +1 helmet "Xogaelas" {rF+ SInv, unknown}
   (You bought it in a shop on level 1 of the Shoals)

   It protects you from fire.
   It lets you see invisible.
 u - the +0 helmet of Lifelessness (worn) {+Fly}
   (You bought it in a shop on level 2 of the Orcish Mines)

   It lets you fly.
 z - the +3 large shield of True Grit (worn) {+Blink Str+4 Int-4}
   (Okawaru gifted it to you on level 1 of the Lair of Beasts)

   It affects your strength (+4).
   It affects your intelligence (-4).
   It lets you blink.
 G - a +2 cloak
 P - a scarf of repulsion (worn)
 T - a +0 plate armour of poison resistance (worn)
 Y - a +3 chain mail of positive energy
Jewellery
 a - the ring "Iqiom" (left hand) {+Blink +Fly rF+ MR- Dex+4}
   (You bought it in a shop on level 1 of the Shoals)

   [ring of dexterity]

   It affects your dexterity (+4).
   It protects you from fire.
   It affects your resistance to hostile enchantments.
   It lets you fly.
   It lets you blink.
 h - an uncursed ring of magical power {unknown}
 r - an uncursed ring of fire
 x - an uncursed ring of ice
 A - a +3 amulet of reflection (around neck)
 K - a ring of see invisible (right hand)
 S - an uncursed amulet of guardian spirit
Wands
 H - a wand of disintegration (14)
 M - a wand of clouds (4)
 W - a wand of iceblast (8)
Scrolls
 b - 3 scrolls of teleportation
 e - 2 scrolls of fear
 g - 4 scrolls of immolation
 i - 9 scrolls of remove curse
 k - 7 scrolls of magic mapping
 m - 2 scrolls of identify
 s - 2 scrolls of summoning
 v - 4 scrolls of enchant weapon
 y - 5 scrolls of fog
 U - a scroll of brand weapon
 X - a scroll of holy word
Potions
 c - a potion of berserk rage
 o - a potion of curing
 w - 2 potions of cancellation
 C - 3 potions of lignification
 D - 4 potions of flight
 J - 2 potions of agility
 O - a potion of resistance
 Z - a potion of magic
Comestibles
 f - 37 rations


   Skills:
 + Level 12.9(17.3) Fighting
 + Level 17.7(22.3) Axes
 + Level 4.3(15.5) Polearms
 + Level 4.1(8.6) Bows
 + Level 0.5(5.0) Throwing
 * Level 13.2(17.6) Armour
 * Level 4.7(9.3) Dodging
 - Level 1.0(5.5) Stealth
 + Level 12.3(16.7) Shields
 + Level 12.0(11.5) Invocations
 + Level 1.3(0.9) Evocations


You had 14 spell levels left.
You didn't know any spells.
Your spell library contained the following spells:

 Spells                   Type           Power        Failure   Level  Hunger
 Animate Skeleton         Necr           N/A          99%         1    ##.....
 Apportation              Tloc           #.....       99%         1    ##.....
 Confusing Touch          Hex            #.....       99%         1    ##.....
 Corona                   Hex            #......      99%         1    ##.....
 Magic Dart               Conj           #...         99%         1    ##.....
 Summon Small Mammal      Summ           #...         99%         1    ##.....
 Blink                    Tloc           N/A          100%        2    ###....
 Call Imp                 Summ           #.......     100%        2    ###....
 Slow                     Hex            #.......     100%        2    ###....
 Call Canine Familiar     Summ           #.......     100%        3    ####...
 Conjure Flame            Conj/Fire      #.......     100%        3    ####...
 Inner Flame              Hex/Fire       #.......     100%        3    ####...
 Mephitic Cloud           Conj/Pois/Air  #.......     100%        3    ####...
 Portal Projectile        Hex/Tloc       #.....       100%        3    ####...
 Summon Guardian Golem    Hex/Summ       #.......     100%        3    ####...
 Cause Fear               Hex            #.........   100%        4    #####..
 Leda's Liquefaction      Hex/Erth       #.........   100%        4    #####..
 Summon Ice Beast         Ice/Summ       #.......     100%        4    #####..
 Summon Lightning Spire   Summ/Air       #.......     100%        4    #####..


Dungeon Overview and Level Annotations

Branches:
Dungeon (14/15)            Temple (1/1) D:4            Lair (6/6) D:11
 Shoals (1/4) Lair:3       Spider (0/4) Lair:4        Slime (0/5) Lair:5
    Orc (2/2) D:11            Elf (1/3) Orc:2
 Vaults: D:13-14

Altars:
Ashenzari
Cheibriados
Dithmenos
Elyvilon
Fedhas
Gozag
Hepliaklqana
Kikubaaqudgha
Makhleb
Nemelex Xobeh
Okawaru
Qazlal
Ru
Sif Muna
Trog
Uskayaw
Vehumet
Wu Jian
Xom
Yredelemnul
Zin
The Shining One
Beogh
Jiyva

Shops:
D:7 =   D:8 [   D:10 !   D:13 }   Orc:2 :!:[*   Shoals:1 *

Annotations:
D:10 650 potion exp
Lair:5 exclusion: oklob plant


Innate Abilities, Weirdness & Mutations

You do not regenerate when monsters are visible.


Message History

The water nymph casts a spell at you. The water swirls and strikes you!
* * * LOW HITPOINT WARNING * * *
The merfolk impaler misses you.
You barely miss the merfolk impaler.
The merfolk impaler is moderately wounded.
You hit the water nymph.
Your unstable footing causes you to fumble your attack.
You block the merfolk impaler's attack. You block the water nymph's attack.
You slice the merfolk impaler!!
The merfolk impaler is heavily wounded.
You slash the water nymph! You drain the water nymph!
The merfolk impaler hits you with a +2 trident of piercing.
* * * LOW HITPOINT WARNING * * *
x2 You closely miss the water nymph.
The water nymph is almost dead.
You slash the merfolk impaler!
The merfolk impaler hits you with a +2 trident of piercing.
* * * LOW HITPOINT WARNING * * *
You die...

.......≈.≈≈≈≈≈≈
..(...≈≈≈≈≈....
.......≈≈......
≈≈.....≈.......
≈≈≈............
......≈≈≈...#
......mm≈...# ##
#.≈@≈...# ≈≈#
#.......###
≈≈≈###.........#
#≈≈≈≈..........#
≈≈≈≈≈...........
≈≈≈≈≈.......≈...
≈≈≈≈≈.......≈≈^>
≈≈≈≈≈.......≈≈..
≈≈≈≈≈.......≈≈..


You could see a merfolk impaler and a water nymph.

Vanquished Creatures
  Gastronok (Lair:1)
  An orc warlord (Orc:2)
  The ghost of Zonian the Slicer, an adept KoEn of Gozag (Orc:2)
  A deep elf annihilator (Elf:1)
  Snorg (D:10)
  3 ogre magi (Orc:2)
  11 hydras
  2 centaur warriors (D:13)
  A two-headed ogre (D:10)
  6 death yaks
  An orc high priest (Orc:1)
  5 unseen horrors
  An orc knight (Orc:2)
  2 ugly things
  4 deep elf magi (Elf:1)
  7 orc sorcerers (Orc:2)
  A wolf spider (Lair:4)
  A cyclops (D:12)
  6 black mambas
  2 gargoyles
  A merfolk siren (Shoals:1)
  A torpor snail (Lair:1)
  Psyche (D:8)
  9 kobold demonologists
  10 spiny frogs
  7 komodo dragons
  3 rime drakes
  A wind drake (shapeshifter) (D:14)
  2 meliai (D:14)
  4 polar bears
  4 trolls
  2 hornets (Lair:6)
  9 blink frogs
  A meliai zombie (D:10)
  11 dream sheep
  12 hippogriffs
  14 spriggans
  A yak (shapeshifter) (D:12)
  An air elemental (Elf:1)
  3 redbacks (Lair:4)
  30 yaks
  2 wraiths (D:10)
  2 vampires
  A shadow (D:13)
  14 wyverns
  2 water elementals
  2 hungry ghosts
  10 basilisks
  2 steam dragons
  A warg (Orc:1)
  8 water moccasins
  4 porcupines
  18 orc warriors
  5 black bears
  A sky beast (D:10)
  2 necrophages
  26 wolves
  5 boggarts (Lair:6)
  12 ogres
  10 crocodiles
  5 centaurs
  Blork the orc (D:6)
  5 big kobolds
  16 bullfrogs
  A gnoll sergeant (D:8)
  3 scorpions
  A wyvern skeleton (D:11)
  12 wights
  4 howler monkeys
  2 centaur zombies
  10 crimson imps
  A quasit (D:10)
  3 bullfrog zombies
  3 jellies
  9 orc priests
  4 hounds
  5 bullfrog skeletons
  2 centaur skeletons
  29 orc wizards
  Jessica (D:3)
  Ijyb (D:3)
  An iguana (D:5)
  5 worker ants
  2 hound zombies
  A hound skeleton (D:8)
  A worker ant zombie (D:8)
  3 gnolls (D:7)
  9 adders
  5 oozes
  2 adder zombies
  3 dart slugs
  7 leopard geckos
  54 orcs
  6 giant cockroaches
  6 hobgoblins
  9 jackals
  6 quokkas
  6 bats (D:1)
  8 frilled lizards
  10 goblins
  2 jackal skeletons
  21 kobolds
  6 rats
  2 fungi (Lair:4)
  2 plants
607 creatures vanquished.

Vanquished Creatures (collateral kills)
  2 blink frogs (Lair:4)
2 creatures vanquished.

Vanquished Creatures (others)
  A meliai (D:14)
  An orc warrior (D:10)
  A centaur (D:12)
  4 fungi
  5 plants
12 creatures vanquished.

Grand Total: 621 creatures vanquished

Notes
Turn   | Place    | Note
-------+----------+-------------------------------------------
     0 | D:1      | robertstho the Hill Orc Fighter began the quest for the
                  | Orb.
     0 | D:1      | Reached XP level 1. HP: 19/19 MP: 1/1
   114 | D:1      | Reached XP level 2. HP: 25/27 MP: 2/2
   219 | D:1      | Reached skill level 3 in Axes
   300 | D:1      | Reached XP level 3. HP: 33/33 MP: 3/3
   924 | D:2      | Reached XP level 4. HP: 40/40 MP: 4/4
  1628 | D:3      | Noticed Ijyb
  1649 | D:3      | Killed Ijyb
  1757 | D:3      | Reached skill level 4 in Axes
  1816 | D:3      | Noticed a bullfrog
  1818 | D:3      | Noticed Jessica
  1823 | D:3      | Killed Jessica
  1823 | D:3      | Reached XP level 5. HP: 38/46 MP: 5/5
  1827 | D:3      | Reached skill level 5 in Axes
  1855 | D:3      | Reached XP level 6. HP: 41/55 MP: 6/6
  2061 | D:3      | Reached skill level 1 in Dodging
  2550 | D:4      | Found an ornate altar of the Wu Jian Council.
  2620 | D:4      | Found a staircase to the Ecumenical Temple.
  2675 | Temple   | Entered the Ecumenical Temple
  3025 | D:5      | Entered Level 5 of the Dungeon
  3031 | D:5      | Reached skill level 5 in Fighting
  3031 | D:5      | Reached skill level 6 in Axes
  3031 | D:5      | Reached skill level 5 in Armour
  3031 | D:5      | Reached XP level 7. HP: 56/61 MP: 7/7
  3358 | D:5      | Found a shadowy altar of Dithmenos.
  3935 | D:6      | Reached skill level 7 in Axes
  3935 | D:6      | Reached skill level 5 in Shields
  4159 | D:6      | Noticed Blork the orc
  4172 | D:6      | Killed Blork the orc
  4172 | D:6      | Reached XP level 8. HP: 39/69 MP: 8/8
  4293 | D:6      | Found an opulent altar of Gozag.
  4610 | D:7      | Reached skill level 8 in Axes
  4633 | D:7      | Found Hehookasch's Jewellery Shoppe.
  4727 | D:7      | Reached skill level 9 in Axes
  5014 | D:7      | You fall into a shaft and drop 1 floor!
  5014 | D:8      | Noticed a hippogriff
  5024 | D:8      | Killed a hippogriff
  5024 | D:8      | Reached XP level 9. HP: 66/78 MP: 9/9
  5143 | D:7      | Found a white marble altar of Elyvilon.
  5217 | D:7      | Reached skill level 10 in Axes
  5323 | D:8      | Found a deep blue altar of Sif Muna.
  5570 | D:8      | Found a shimmering altar of Xom.
  5573 | D:8      | Found a hide-covered altar of Uskayaw.
  5574 | D:8      | Found an ancient bone altar of Kikubaaqudgha.
  5574 | D:8      | Found a bloodstained altar of Trog.
  5633 | D:8      | Reached skill level 11 in Axes
  5913 | D:8      | Found a burning altar of Makhleb.
  5913 | D:8      | Found a radiant altar of Vehumet.
  6068 | D:8      | Noticed Psyche
  6201 | D:8      | Killed Psyche
  6201 | D:8      | Reached skill level 1 in Stealth
  6201 | D:8      | Reached XP level 10. HP: 60/86 MP: 10/10
  6236 | D:8      | Noticed a kobold demonologist
  6260 | D:8      | Killed a kobold demonologist
  6260 | D:8      | Reached skill level 1 in Polearms
  6284 | D:8      | Got a twisted hand axe
  6290 | D:8      | Identified the +8 hand axe "Buitt" {drain, *Rage +Fly
                  | rElec} (You found it on level 8 of the Dungeon)
  6427 | D:8      | Found Syzof's Armour Emporium.
  6627 | D:9      | Reached skill level 12 in Axes
  6643 | D:9      | Found an iron altar of Okawaru.
  6654 | D:9      | Became a worshipper of Warmaster Okawaru
  6662 | D:9      | Found a glowing golden altar of the Shining One.
  7101 | D:10     | Entered Level 10 of the Dungeon
  7109 | D:10     | Reached skill level 1 in Invocations
  7128 | D:10     | Found a sparkling altar of Nemelex Xobeh.
  7302 | D:10     | Noticed a two-headed ogre
  7316 | D:10     | Killed a two-headed ogre
  7316 | D:10     | Reached * piety under Okawaru
  7388 | D:10     | Reached ** piety under Okawaru
  7585 | D:10     | Noticed Snorg
  7595 | D:10     | Killed Snorg
  7595 | D:10     | Reached skill level 5 in Invocations
  7595 | D:10     | Reached XP level 11. HP: 48/95 MP: 11/14
  7779 | D:10     | Found Lukig's Distillery.
  7787 | D:10     | Bought 2 potions of heal wounds for 130 gold pieces
  7787 | D:10     | Bought a potion of curing for 39 gold pieces
  7787 | D:10     | Bought a potion of heal wounds for 65 gold pieces
  7787 | D:10     | Bought a potion of curing for 39 gold pieces
  7787 | D:10     | Bought a potion of degeneration for 13 gold pieces
  7787 | D:10     | Bought a potion of agility for 52 gold pieces
  7787 | D:10     | Bought a potion of flight for 39 gold pieces
  7994 | D:11     | Noticed an unseen horror
  8009 | D:11     | Killed an unseen horror
  8009 | D:11     | Reached *** piety under Okawaru
  8033 | D:11     | Noticed a death yak
  8033 | D:11     | Noticed a death yak
  8038 | D:11     | Found a staircase to the Lair.
  8038 | D:11     | Noticed a death yak
  8052 | D:11     | Killed a death yak
  8052 | D:11     | Reached skill level 13 in Axes
  8057 | D:11     | Killed a death yak
  8062 | D:11     | Reached **** piety under Okawaru
  8065 | D:11     | Killed a death yak
  8135 | D:11     | Noticed a four-headed hydra
  8135 | D:11     | Noticed a centaur warrior
  8136 | D:11     | Identified the ring of Velacefy {rPois rN+ SInv}
  8137 | D:11     | Noticed a green ugly thing
  8416 | D:11     | Reached skill level 10 in Shields
  8458 | D:11     | Found a staircase to the Orcish Mines.
  8469 | D:11     | Found a roughly hewn altar of Beogh.
  8501 | D:11     | Reached ***** piety under Okawaru
  8777 | D:12     | Noticed an unseen horror
  8789 | D:12     | Killed an unseen horror
  9100 | D:12     | Noticed an unseen horror
  9100 | D:12     | a blink frog changed into an unseen horror
  9103 | D:12     | an unseen horror changed into a shapeshifter
  9151 | D:12     | Reached XP level 12. HP: 104/104 MP: 17/17
  9219 | D:12     | Reached skill level 14 in Axes
  9282 | D:12     | Noticed an eight-headed hydra
  9304 | D:12     | Killed an eight-headed hydra
  9319 | D:12     | Received a gift from Okawaru
  9826 | D:13     | Noticed a centaur warrior
  9848 | D:13     | Killed a centaur warrior
  9997 | D:13     | Received a gift from Okawaru
 10097 | D:13     | Reached skill level 10 in Armour
 10236 | D:13     | Noticed a centaur warrior
 10244 | D:13     | Killed a centaur warrior
 10584 | D:13     | Found Akooghy's Gadget Emporium.
 10641 | D:13     | Reached skill level 10 in Fighting
 10649 | D:13     | Gained mutation: You do not regenerate when monsters are
                  | visible. [a neqoxec]
 10660 | D:13     | Reached XP level 13. HP: 112/113 MP: 20/20
 10889 | D:14     | Reached skill level 15 in Axes
 11362 | Lair:1   | Entered Level 1 of the Lair of Beasts
 11607 | Lair:1   | Reached skill level 10 in Invocations
 11618 | Lair:1   | Reached ****** piety under Okawaru
 12257 | Lair:1   | Noticed Gastronok
 12280 | Lair:1   | Killed Gastronok
 12280 | Lair:1   | Received a gift from Okawaru
 12283 | Lair:1   | Got an ichor-stained large shield {god gift}
 13641 | Lair:3   | Got a pair of distressingly furry gloves
 13681 | Lair:3   | Identified the cursed -6 pair of gloves "Gaissuph" {rElec
                  | Str+2 Dex+3} (You found it on level 3 of the Lair of
                  | Beasts)
 13967 | Lair:3   | Found a staircase to the Shoals.
 14602 | Lair:4   | Reached skill level 16 in Axes
 15018 | Lair:4   | Found a hole to the Spider Nest.
 15611 | Lair:4   | Reached XP level 14. HP: 120/124 MP: 22/22
 16604 | Orc:1    | Entered Level 1 of the Orcish Mines
 16662 | Orc:1    | Found a roughly hewn altar of Beogh.
 17123 | Orc:2    | Entered Level 2 of the Orcish Mines
 17214 | Orc:2    | Found a staircase to the Elven Halls.
 17360 | Orc:2    | Found a runed translucent gate.
 17360 | Orc:2    | Found a runed translucent gate.
 17360 | Orc:2    | Found a runed translucent gate.
 17361 | Orc:2    | Found an opulent altar of Gozag.
 17361 | Orc:2    | Found Beturgh's Assorted Antiques.
 17367 | Orc:2    | Noticed an orc warlord
 17368 | Orc:2    | Noticed Zonian's ghost (adept KoEn)
 17410 | Orc:2    | Found a roughly hewn altar of Beogh.
 17799 | Orc:2    | Paralysed by an orc sorcerer for 2 turns
 17805 | Orc:2    | Received a gift from Okawaru
 17813 | Orc:2    | Paralysed by an ogre mage for 3 turns
 18376 | Orc:2    | Found Tuabemui's Book Emporium.
 18394 | Orc:2    | Found an ancient bone altar of Kikubaaqudgha.
 18406 | Orc:2    | Found Geshe's Book Emporium.
 18467 | Orc:2    | Found a roughly hewn altar of Beogh.
 18741 | Orc:2    | Reached skill level 17 in Axes
 18745 | Orc:2    | Found Buwnounu's Distillery.
 18762 | Orc:2    | Found Jeanad's Antique Armour Emporium.
 18788 | Orc:2    | Found a radiant altar of Vehumet.
 18802 | Orc:2    | Bought a twisted helmet for 247 gold pieces
 18812 | Orc:2    | Identified the +0 helmet of Lifelessness {+Fly} (You bought
                  | it in a shop on level 2 of the Orcish Mines)
 18822 | Orc:2    | Bought a potion of curing for 48 gold pieces
 18822 | Orc:2    | Bought a potion of curing for 48 gold pieces
 18822 | Orc:2    | Bought a potion of mutation for 128 gold pieces
 21054 | Lair:5   | Reached skill level 1 in Evocations
 21268 | Lair:5   | Found a viscous altar of Jiyva.
 21269 | Lair:5   | Found a staircase to the Slime Pits.
 21554 | Lair:5   | Received a gift from Okawaru
 21557 | Lair:5   | Got a transparent chain mail {god gift}
 21568 | Lair:5   | Identified the +0 chain mail of Resilience {rElec rN+
                  | Int-2} (Okawaru gifted it to you on level 5 of the Lair of
                  | Beasts)
 21701 | Lair:6   | Entered Level 6 of the Lair of Beasts
 22498 | Lair:6   | Reached XP level 15. HP: 78/134 MP: 23/23
 22992 | Lair:6   | Paralysed by a hornet for 2 turns
 23549 | Lair:6   | Reached skill level 1 in Bows
 24350 | Lair:6   | Found the +7 great mace "Firestarter" {inner flame, rF++}
 24351 | Lair:6   | Got a steaming great sword
 25273 | Orc:2    | Killed an orc warlord
 25290 | Orc:2    | Killed Zonian's ghost
 25332 | Orc:2    | Bought a scroll of identify for 52 gold pieces
 25332 | Orc:2    | Bought a scroll labeled TYKEUH XUHAED for 26 gold pieces
 25332 | Orc:2    | Bought a scroll labeled TAH GUUSCHU for 26 gold pieces
 25332 | Orc:2    | Bought a murky amethyst potion for 23 gold pieces
 25332 | Orc:2    | Bought a scroll labeled CURHIWNA ZAASU for 26 gold pieces
 25332 | Orc:2    | Bought a scroll labeled ZORISITOLO for 26 gold pieces
 25386 | Elf:1    | Entered Level 1 of the Elven Halls
 25485 | Elf:1    | HP: 5/134 [ice devil[a deep elf mage] (27)]
 25896 | Orc:2    | Identified the +3 large shield of True Grit {+Blink Str+4
                  | Int-4} (Okawaru gifted it to you on level 1 of the Lair of
                  | Beasts)
 26050 | Shoals:1 | Entered Level 1 of the Shoals
 26050 | Shoals:1 | Found Ruirhunysu's Assorted Antiques.
 26073 | Shoals:1 | Bought a wavering jade ring for 175 gold pieces
 26073 | Shoals:1 | Bought a scroll of identify for 70 gold pieces
 26073 | Shoals:1 | Bought a jewelled helmet for 332 gold pieces
 26073 | Shoals:1 | Bought a scroll of identify for 70 gold pieces
 26073 | Shoals:1 | Bought a scroll of identify for 70 gold pieces
 26076 | Shoals:1 | Identified the ring "Iqiom" {+Blink +Fly rF+ MR- Dex+4}
                  | (You bought it in a shop on level 1 of the Shoals)
 26144 | Shoals:1 | HP: 6/201 [water nymph/the raging water (34)]
 26148 | Shoals:1 | HP: 1/201 [merfolk impaler/+2 trident of piercing (3)]
 26148 | Shoals:1 | Slain by a merfolk impaler

Levels and vault maps discovered:
D:1:      minmay_arrival_glassed_features, layout_loops_ring,
          hangedman_decor_diamond_cutter
D:2:      layout_basic, first_ration
D:3:      layout_basic, uniq_jessica, uniq_ijyb
D:4:      layout_rooms, kennysheep_mini, minmay_temple_entry_drinking_statues
D:5:      layout_basic, nicolae_dithmenos_shadow_blocks, wad_floor_pattern_1
D:6:      layout_loops_corners, overflow_temple_1_default, hex_tiny,
          kennysheep_generic_room_13, uniq_blork_the_orc
D:7:      layout_cave_pools, kennysheep_mini_moat, serial_shops, shop_statue,
          the_bakery
D:8:      minmay_the_grid_triangle_9x9_rhombus_thin
          [minmay_the_grid_triangle_9x9_corrupted_corridor,
          minmay_the_grid_triangle_9x9_prize_center,
          minmay_the_grid_triangle_9x9_skeleton,
          minmay_the_grid_triangle_9x9_warning], layout_loops_ring, tgw_sif,
          grunt_temple_overflow_lords_of_destruction,
          grunt_temple_overflow_open, serial_shops,
          nicolae_shop_window_shopping, uniq_psyche
D:9:      layout_roguey, nicolae_overflow_crystal_walls, lemuel_doored_altar
D:10:     layout_cave_pods, serial_shops, shop, basic_altar, uniq_snorg
D:11:     layout_long_grid, dpeg_lair_monsters, david_orc_5, minivault_12
D:12:     layout_basic
D:13:     layout_gridville, serial_shops, shop
D:14:     layout_cave_pools, david_vaults_5, nrook_campfire, st_stairs_13,
          uniq_josephine
Temple:   dpeg_three_leaves_temple
Lair:1:   layout_small_grid, uniq_gastronok
Lair:2:   layout_roguey, serial_rivers, chequers_serial_rivers_small_3,
          chequers_serial_rivers_room_b, chequers_serial_rivers_small_a,
          chequers_serial_rivers_small_a, chequers_serial_rivers_micro_d,
          chequers_serial_rivers_room_b
Lair:3:   layout_cave_pods, shoals_dummy_entry, chequers_serial_rivers_micro_e,
          lemuel_old_faithful, grunt_megastairs_2
Lair:4:   layout_gridlike, spider_nest_entry_funnel_web, special_room
          [special_room_mythical_zoo], minmay_holes,
          chequers_serial_rivers_micro_b, infiniplex_staircase_pool,
          lemuel_fruit_tree
Lair:5:   layout_cave_shapes, slime_altar_1, serial_bayou_shore_b,
          lemuel_fruit_fields, grunt_megastairs_4, minmay_lair_oklob_chamber
Lair:6:   minmay_lair_end_enchanted_forest, layout_gridlike
Shoals:1: layout_shoals, serial_shops, shop, lemuel_centaur_altar
Orc:1:    layout_diamond_mine, kennysheep_orc_chapel
Orc:2:    kennysheep_orc_mage_school, layout_diamond_mine, ebering_ghost_gozag,
          basic_altar
Elf:1:    eino_elf_arrival_customs, layout_loops_corners,
          hangedman_elf_represent, minivault_5, uniq_nikola

Skill      XL: |  1  2  3  4  5  6  7  8  9 10 11 12 13 14 15 |
---------------+----------------------------------------------+-----
Axes           | 3 4 5 6 7 9 11 12 13 14 16 17 | 17.7
Fighting       | 4 5 6 7 8 9 10 11 12 | 12.9
Armour         | 4 5 6 7 8 9 10 11 12 13 | 13.2
Shields        | 4 5 6 7 9 10 11 12 | 12.3
Dodging        | 1 3 4 |  4.7
Stealth        | 1 |  1.0
Polearms       | 3 4 |  4.3
Invocations    | 5 7 9 11 12 | 12.0
Evocations     | 1 |  1.3
Bows           | 4 |  4.1
Throwing       | |  0.5

Action                   |  1- 3 |  4- 6 |  7- 9 | 10-12 | 13-15 || total
-------------------------+-------+-------+-------+-------+-------++-------
Melee: War axe           |   112 |   167 |   389 |       |       ||   668
       Spear             |       |       |    29 |    71 |       ||   100
       Hand axe          |       |       |       |   531 |   178 ||   709
       Battleaxe         |       |       |       |       |   745 ||   745
       Punch             |       |       |       |       |     2 ||     2
 Fire: Shortbow          |       |       |       |       |   230 ||   230
Throw: Dart              |       |       |     5 |       |     3 ||     8
Invok: Heroism           |       |       |       |     6 |    19 ||    25
       Finesse           |       |       |       |     1 |     4 ||     5
Evoke: Wand              |       |       |       |       |    13 ||    13
       Box of beasts     |       |       |       |       |     6 ||     6
  Use: Scroll            |       |     4 |     1 |     2 |    31 ||    38
       Potion            |       |     1 |     2 |     2 |    14 ||    19
 Stab: Invisible         |       |       |     1 |     2 |       ||     3
       Distracted        |       |       |       |       |     1 ||     1
       Paralysed         |       |       |       |       |     1 ||     1
  Eat: Chunk             |       |    18 |    11 |    12 |    26 ||    67
       Ration            |       |       |       |     1 |     7 ||     8
Armor: Scale mail        |    69 |    85 |    75 |       |       ||   229
       Plate armour      |       |       |   101 |   168 |   490 ||   759
       Chain mail        |       |       |       |       |   125 ||   125
Dodge: Dodged            |    38 |    53 |    89 |    75 |   400 ||   655
       Deflected         |       |       |     1 |     2 |     7 ||    10
Block: Shield            |    64 |    72 |   229 |   337 |    65 ||   767
       Reflection        |       |       |     3 |    30 |     4 ||    37
       Other             |       |       |       |       |   116 ||   116
       Large shield      |       |       |       |       |    15 ||    15

Table legend:
 A = Non-vault XP
 B = Vault XP
 C = Vault XP percentage of total XP
 D = Non-vault monster count
 E = Vault monster count
 F = Vault count percentage of total count
                 A         B        C        D         E       F
            +---------+---------+-------+---------+---------+-------
      Total |   66221 |   41353 |  38.4 |     416 |     191 |  31.5
            +---------+---------+-------+---------+---------+-------
        D:1 |      59 |       0 |   0.0 |      29 |       0 |   0.0
        D:2 |      25 |       0 |   0.0 |      15 |       0 |   0.0
        D:3 |     229 |      73 |  24.2 |      25 |       2 |   7.4
        D:4 |     212 |       0 |   0.0 |       9 |       0 |   0.0
        D:5 |     180 |       0 |   0.0 |       7 |       0 |   0.0
        D:6 |     446 |     102 |  18.6 |      11 |       2 |  15.4
        D:7 |     893 |     220 |  19.8 |      25 |       1 |   3.8
        D:8 |    1611 |    1475 |  47.8 |      18 |      16 |  47.1
        D:9 |     478 |       0 |   0.0 |       4 |       0 |   0.0
       D:10 |    2962 |    1106 |  27.2 |      25 |       1 |   3.8
       D:11 |    2494 |    4389 |  63.8 |      27 |      32 |  54.2
       D:12 |    5376 |       0 |   0.0 |      25 |       0 |   0.0
       D:13 |   11674 |       0 |   0.0 |      55 |       0 |   0.0
       D:14 |    2757 |       0 |   0.0 |      11 |       0 |   0.0
     Lair:1 |    6117 |    1949 |  24.2 |      20 |       1 |   4.8
     Lair:2 |    1183 |       0 |   0.0 |       6 |       0 |   0.0
     Lair:3 |     860 |     674 |  43.9 |       4 |       6 |  60.0
     Lair:4 |    7353 |    7629 |  50.9 |      28 |      29 |  50.9
     Lair:5 |    4616 |    1304 |  22.0 |      15 |       5 |  25.0
     Lair:6 |   11985 |    8199 |  40.6 |      26 |      49 |  65.3
   Shoals:1 |     651 |       0 |   0.0 |       2 |       0 |   0.0
      Orc:1 |     459 |     988 |  68.3 |       5 |       5 |  50.0
      Orc:2 |    2032 |   11162 |  84.6 |      21 |      38 |  64.4
      Elf:1 |    1569 |    2083 |  57.0 |       3 |       4 |  57.1
            +---------+---------+-------+---------+---------+-------
